 Dungeon Crawl Stone Soup version 0.31-a0-232-gb1c03b2570 (webtiles) character file.

Game seed: 12623465515047420063

8214 qw the Skirmisher (level 11, -4/78 HPs)
             Began as a Gargoyle Hexslinger on July 6, 2023.
             Was a Believer of Okawaru.
             Slain by a death yak (9 damage)
             ... on level 11 of the Dungeon.
             The game lasted 00:04:28 (10001 turns).

qw the Skirmisher (Gargoyle Hexslinger)            Turns: 10001, Time: 00:04:29

Health: -4/78      AC: 21    Str: 12    XL:     11   Next: 27%
Magic:  14/14      EV: 17    Int: 14    God:    Okawaru [**....]
Gold:   237        SH:  5    Dex: 16    Spells: 11/12 levels left

rFire   + . .        c - +0 orcbow
rCold   + . .        (shield currently unavailable)
rNeg    + . .        d - +2 robe {rF+}
rPois   inf          i - +1 helmet
rElec   +            f - +2 cloak
rCorr   .            m - +0 pair of gloves
SInv    +            s - +0 pair of boots
Will    .....        h - amulet of reflection
Stlth   ++++         k - ring of see invisible
HPRegen 0.33/turn    b - ring of protection from cold
MPRegen 0.14/turn

%: reflection
@: heroic
A: sickness immunity, AC +8, negative energy resistance 1, electricity
resistance, torment resistance 1, petrification resistance, camouflage 1, robust
1
a: Renounce Religion, Heroism


You were on level 11 of the Dungeon.
You worshipped Okawaru.
Okawaru was pleased with you.
You visited 1 branch of the dungeon, and saw 11 of its levels.
You also visited: Sewer.

You collected 658 gold pieces.
You spent 421 gold pieces at shops.


Innate Abilities, Weirdness & Mutations

You are immune to sickness and miasma.
Your stone body is resilient. (AC +8)
You are immune to poison.
You resist negative energy. (rN+)
You are resistant to electric shocks. (rElec)
You are resistant to unholy torment.
You are immune to petrification.
Your skin changes colour to match your surroundings (Stealth+).
You are robust. (+10% HP)


   Skills:
 - Level 9.0(14.0) Fighting
 + Level 13.3(18.3) Ranged Weapons
 - Level 4.1(9.1) Armour
 - Level 4.2(9.2) Dodging
 - Level 1.0 Spellcasting
 - Level 2.6 Hexes
 - Level 4.0 Invocations


You had 11 spell levels left.
You knew the following spells:

 Your Spells              Type           Power      Damage    Failure   Level
a - Slow                  Hex            32%        N/A       9%          1

Your spell library contained the following spells:

 Spells                   Type           Power      Damage    Failure   Level
 Inner Flame              Hex/Fire       4%         N/A       41%         3
 Portal Projectile        Hex/Tloc       8%         N/A       41%         3
 Cause Fear               Hex            4%         N/A       65%         4

Inventory:

Hand Weapons
 c - a +0 orcbow (weapon)
Armour
 d - a +2 robe of fire resistance (worn)
 e - a +1 leather armour of fire resistance
 f - a +2 cloak (worn)
 i - a +1 helmet (worn)
 m - a +0 pair of gloves (worn)
 q - +0 steam dragon scales
 s - a +0 pair of boots (worn)
Jewellery
 b - a ring of protection from cold (right hand)
 h - an amulet of reflection (around neck)
 k - a ring of see invisible (left hand)
 Y - the ring "Ucyur" {rElec Will+}
   (You took it off a hobgoblin on level 4 of the Dungeon)

   [ring of willpower]

   rElec:     It insulates you from electricity.
   Will:      It increases your willpower.
Scrolls
 a - a scroll of identify
Potions
 g - 3 potions of might
 j - 4 potions of curing
 l - a potion of magic {unknown}
 n - 2 potions of haste
 o - a potion of enlightenment
 r - a potion of ambrosia {unknown}

Dungeon Overview and Level Annotations

Branches:
Dungeon (11/15)            Temple (0/1) D:7           Sewer (visited)
   Lair: D:8-11         Orc: D:9-12

Altars:
Dithmenos
Fedhas
Hepliaklqana
Okawaru
Qazlal
Uskayaw
Wu Jian
Yredelemnul

Shops:
D:5 !*   D:6 **

Annotations:
D:3 3 runed translucent doors, qw's ghost, amateur GrHs
D:4 4 runed translucent doors


Message History

The death yak gores you but does no damage.
The death yak gores you!
You shoot an arrow. The arrow hits the death yak.
The death yak is almost dead.
The death yak gores you but does no damage.
The death yak gores you! The death yak closely misses you.
You shoot an arrow. The arrow hits the death yak!
You kill the death yak!
Okawaru accepts your kill. You block the death yak's attack.
The death yak completely misses you.
You shoot an arrow. The arrow hits the death yak!
The death yak is lightly wounded.
You shoot an arrow. The arrow hits the death yak!
The death yak is moderately wounded.
The death yak closely misses you. You block the death yak's attack.
The death yak gores you.
You shoot an arrow.
The arrow hits the death yak but does no damage.
The death yak is lightly wounded.
The death yak gores you.
The death yak gores you but does no damage.
You block the death yak's attack.
You shoot an arrow. The arrow hits the death yak!
The death yak is moderately wounded.
You shoot an arrow. The arrow hits the death yak.
The death yak is heavily wounded.
The death yak gores you. The death yak closely misses you.
The death yak completely misses you. The death yak gores you.
You shoot an arrow.
The arrow hits the death yak but does no damage.
The death yak is heavily wounded.
The death yak gores you. The death yak closely misses you.
The death yak gores you! The death yak barely misses you.
You shoot an arrow. The arrow hits the death yak!
The death yak is heavily wounded.
You shoot an arrow. The arrow hits the death yak!
The death yak is severely wounded.
The death yak gores you! The death yak barely misses you.
The death yak gores you!
You die...

.............#
#.........<#.#
#.....(......#
............#
............#
#####.......#
+.......#
.####+#.......#
....(.Y@......#
##....YYY...#.#
#......##..#.#
#........ ....#
....#.... ....#
.....##.##....#
..... #.. ..#
..... +..


You could see 4 death yaks.

Vanquished Creatures
  A death yak (D:11)
  A gargoyle (D:10)
  2 hornets
  Prince Ribbit (D:5)
  2 shadows
  A vampire (D:11)
  A wraith (D:11)
  9 yaks (D:10)
  4 vampire mosquitoes (D:11)
  Eustachio (D:5)
  Menkaure (D:5)
  3 steam dragons
  Duvessa (D:5)
  A water moccasin (D:7)
  Pargi (Sewer)
  2 orc warriors
  An ice beast (D:7)
  A black bear (D:8)
  A sky beast (D:7)
  4 centaurs
  3 phantoms
  2 kobold brigands
  2 gnoll sergeants
  4 bullfrogs
  2 scorpions
  6 wights
  Dowan (D:5)
  17 killer bees
  5 howler monkeys
  5 hounds
  An orc priest (D:8)
  A sleepcap (D:7)
  Ijyb (D:5)
  Natasha (thrice) (D:4)
  An iguana (D:7)
  3 orc wizards
  14 gnolls
  6 adders
  An ufetubus (D:6)
  2 worms (D:4)
  2 dart slugs
  12 orcs
  5 bats
  3 endoplasms
  6 giant cockroaches
  11 hobgoblins
  4 jackals (D:2)
  6 quokkas
  4 ball pythons
  7 frilled lizards
  9 goblins
  19 kobolds
  2 rats
209 creatures vanquished.

Notes
Turn   | Place    | Note
-------+----------+-------------------------------------------
     0 | D:1      | qw the Gargoyle Hexslinger began the quest for the Orb.
     0 | D:1      | Reached XP level 1. HP: 12/12 MP: 2/2
     0 | D:1      | 0 ||| qw: Version: 0.3-a-46-gb1f654a
     0 | D:1      | 0 ||| qw: Game counter: 1974
     0 | D:1      | 0 ||| qw: Melee chars always use a shield: true
     0 | D:1      | 0 ||| qw: God list: Okawaru
     0 | D:1      | 0 ||| qw: Allow faded altars: false
     0 | D:1      | 0 ||| qw: Do Orc after clearing Dungeon:15 true
     0 | D:1      | 0 ||| qw: Do second Lair branch before Depths: true
     0 | D:1      | 0 ||| qw: Lair rune preference: random
     0 | D:1      | 0 ||| qw: Goals: Normal
     0 | D:1      | 0 ||| PLANNING D:1-11
    79 | D:1      | Reached XP level 2. HP: 10/16 MP: 3/3
   156 | D:1      | Reached skill level 3 in Ranged Weapons
   279 | D:1      | Reached XP level 3. HP: 21/21 MP: 4/4
   444 | D:1      | Noticed a golden eye
   447 | D:1      | Noticed a floating eye
   450 | D:1      | Found a faded altar of an unknown god.
   455 | D:1      | Noticed a great orb of eyes
   455 | D:1      | Noticed an eye of devastation
   468 | D:1      | 468 ||| UPGRADING to +0 helmet.
   473 | D:1      | 473 ||| UPGRADING to +2 cloak.
   478 | D:1      | 478 ||| READING scroll labelled YXODUOKENN.
   483 | D:1      | 483 ||| DROPPING scroll of poison.
   851 | D:2      | Reached XP level 4. HP: 26/26 MP: 5/5
   929 | D:2      | Identified the +5 falchion "Lunar" {freeze, rPois rF+ rCorr
                  | Dex+2}
  1299 | D:2      | 1299 ||| READING scroll labelled ERYBBUPPUD.
  1300 | D:2      | 1300 ||| READING scroll labelled RIMACAAPOA.
  1301 | D:2      | 1301 ||| READING scroll labelled MOVUOWKECO.
  1302 | D:2      | 1302 ||| READING scroll labelled WOAHEEQEEX.
  1303 | D:2      | 1303 ||| DRINKING 4 pink potions.
  1354 | D:3      | Noticed a bullfrog
  1368 | D:3      | Killed a bullfrog
  1369 | D:3      | Reached skill level 4 in Ranged Weapons
  1369 | D:3      | Reached XP level 5. HP: 25/30 MP: 6/6
  1632 | D:3      | Found a runed translucent gate.
  1634 | D:3      | Found a runed translucent gate.
  1634 | D:3      | Found a runed translucent gate.
  1637 | D:3      | Noticed qw's ghost (amateur GrHs)
  1961 | D:3      | Reached skill level 5 in Ranged Weapons
  2381 | D:3      | 2381 ||| UPGRADING to +0 ring mail.
  2391 | D:3      | 2391 ||| DROPPING +0 robe.
  2392 | D:3      | 2392 ||| READING scroll labelled OGGOMA ZAST.
  2393 | D:3      | 2393 ||| READING scroll labelled BAN FUMISEE.
  2394 | D:3      | 2394 ||| DRINKING 2 gluggy blue potions.
  2394 | D:3      | Gained mutation: You are vulnerable to cold. (rC-) [potion
                  | of mutation]
  2394 | D:3      | Gained mutation: You have an increased reservoir of magic.
                  | (+10% MP) [potion of mutation]
  2395 | D:3      | 2395 ||| DRINKING potion of mutation.
  2395 | D:3      | Lost mutation: You have an increased reservoir of magic.
                  | (+10% MP) [potion of mutation]
  2395 | D:3      | Lost mutation: You are vulnerable to cold. (rC-) [potion of
                  | mutation]
  2395 | D:3      | Gained mutation: Your skin changes colour to match your
                  | surroundings (Stealth+). [potion of mutation]
  2395 | D:3      | Gained mutation: You are robust. (+10% HP) [potion of
                  | mutation]
  2404 | D:3      | 2404 ||| READING 2 scrolls of identify.
  2404 | D:3      | 2404 ||| IDENTIFYING blue potion
  2456 | D:4      | 2456 ||| PLANNING SEWER
  2478 | D:4      | Found a large runed translucent door.
  2478 | D:4      | Found a large runed translucent door.
  2480 | D:4      | Noticed a yak
  2512 | D:4      | Reached XP level 6. HP: 38/39 MP: 7/7
  2534 | D:4      | Found a large runed translucent door.
  2534 | D:4      | Found a large runed translucent door.
  2581 | D:4      | Found a glowing drain.
  2608 | Sewer    | Entered a sewer
  2611 | Sewer    | Noticed Pargi
  2638 | Sewer    | HP: 4/39 [Pargi (7)]
  2639 | Sewer    | 2639 ||| READING scroll of teleportation.
  2639 | Sewer    | HP: 1/39 [Pargi (4)]
  2640 | Sewer    | 2640 ||| DRINKING 3 potions of heal wounds.
  2671 | Sewer    | Killed Pargi
  2672 | Sewer    | Reached skill level 3 in Fighting
  2882 | Sewer    | 2882 ||| UPGRADING to ring of protection from cold.
  2900 | D:4      | 2900 ||| PLANNING D:1-11
  2994 | D:4      | Found an iron altar of Okawaru.
  2995 | D:4      | 2995 ||| PLANNING OKAWARU WORSHIP
  2995 | D:4      | 2995 ||| DRINKING 3 lumpy orange potions.
  2996 | D:4      | 2996 ||| DROPPING 2 potions of invisibility.
  3003 | D:4      | Became a worshipper of Warmaster Okawaru
  3004 | D:4      | 3004 ||| PLANNING D:1-11
  3108 | D:4      | Noticed a hornet
  3108 | D:4      | Identified the ring "Ucyur" {rElec Will+}
  3115 | D:4      | HP: 9/41 [hornet (8)]
  3116 | D:4      | 3116 ||| DRINKING 2 potions of heal wounds.
  3120 | D:4      | HP: 10/41 [hornet (11)]
  3121 | D:4      | 3121 ||| DRINKING potion of heal wounds.
  3122 | D:4      | Killed a hornet
  3122 | D:4      | Reached * piety under Okawaru
  3123 | D:4      | Reached skill level 6 in Ranged Weapons
  3123 | D:4      | Reached XP level 7. HP: 39/46 MP: 8/8
  3210 | D:4      | Reached skill level 1 in Invocations
  3367 | D:4      | Noticed Natasha
  3368 | D:4      | 3368 ||| INVOKING Heroism.
  3370 | D:4      | Killed Natasha
  3459 | D:4      | Noticed Natasha
  3460 | D:4      | 3460 ||| INVOKING Heroism.
  3465 | D:4      | Killed Natasha
  3520 | D:4      | Noticed Natasha
  3521 | D:4      | 3521 ||| INVOKING Heroism.
  3525 | D:4      | Killed Natasha
  3609 | D:4      | 3609 ||| UPGRADING to amulet of reflection.
  3614 | D:4      | 3614 ||| UPGRADING to ring "Ucyur" {rElec Will+}.
  3615 | D:4      | 3615 ||| READING scroll labelled OSAEDI TURY.
  3616 | D:4      | 3616 ||| READING scroll labelled VIEHEMOGAA.
  3637 | D:5      | Entered Level 5 of the Dungeon
  3729 | D:5      | Noticed Eustachio
  3758 | D:5      | Killed Eustachio
  3759 | D:5      | Reached skill level 7 in Ranged Weapons
  3759 | D:5      | Reached XP level 8. HP: 42/52 MP: 9/9
  3865 | D:5      | 3865 ||| SWAPPING to +0 orcbow.
  3883 | D:5      | 3883 ||| DROPPING +2 sling.
  3920 | D:5      | Noticed Menkaure
  3921 | D:5      | 3921 ||| INVOKING Heroism.
  3930 | D:5      | Killed Menkaure
  3931 | D:5      | Reached skill level 3 in Invocations
  3937 | D:5      | Reached skill level 8 in Ranged Weapons
  4114 | D:5      | Found Ponutacu's Distillery.
  4120 | D:5      | Noticed Prince Ribbit
  4121 | D:5      | 4121 ||| INVOKING Heroism.
  4140 | D:5      | 4140 ||| INVOKING Heroism.
  4142 | D:5      | Killed Prince Ribbit
  4142 | D:5      | Reached ** piety under Okawaru
  4210 | D:5      | 4210 ||| BUYING 2 potions of haste (300 gold).
  4210 | D:5      | Bought 2 potions of haste for 300 gold pieces
  4210 | D:5      | 4210 ||| SHOPLISTING potion of curing (45 gold, have 8).
  4210 | D:5      | 4210 ||| SHOPLISTING potion of enlightenment (75 gold, have
                  | 8).
  4210 | D:5      | 4210 ||| SHOPLISTING potion of haste (150 gold, have 8).
  4210 | D:5      | 4210 ||| SHOPLISTING potion of heal wounds (75 gold, have
                  | 8).
  4210 | D:5      | 4210 ||| SHOPLISTING potion of might (60 gold, have 8).
  4311 | D:5      | Noticed Duvessa
  4312 | D:5      | 4312 ||| INVOKING Heroism.
  4315 | D:5      | Noticed Dowan
  4323 | D:5      | Killed Duvessa
  4324 | D:5      | Reached skill level 9 in Ranged Weapons
  4336 | D:5      | Killed Dowan
  4337 | D:5      | Reached XP level 9. HP: 32/59 MP: 12/12
  4430 | D:5      | Found Eppeni's Neck Hole.
  4552 | D:5      | Noticed Ijyb
  4553 | D:5      | 4553 ||| INVOKING Heroism.
  4558 | D:5      | Killed Ijyb
  4762 | D:5      | 4762 ||| UPGRADING to +0 pair of gloves.
  4767 | D:5      | 4767 ||| DROPPING ring of magical power.
  4768 | D:5      | 4768 ||| READING 3 scrolls of identify.
  4768 | D:5      | 4768 ||| IDENTIFYING red potion
  4769 | D:5      | 4769 ||| READING 2 scrolls of identify.
  4769 | D:5      | 4769 ||| IDENTIFYING puce potion
  4770 | D:5      | 4770 ||| DROPPING potion of attraction.
  4836 | D:6      | Reached skill level 3 in Armour
  5004 | D:6      | Found Jecail's Elemental Accessories.
  5061 | D:6      | Reached skill level 6 in Fighting
  5133 | D:6      | 5133 ||| INVOKING Heroism.
  5365 | D:6      | Found Mimineaju's General Store.
  5368 | D:6      | 5368 ||| BUYING potion of curing (33 gold).
  5368 | D:6      | Bought a potion of curing for 33 gold pieces
  5368 | D:6      | 5368 ||| BUYING potion of heal wounds (55 gold).
  5368 | D:6      | Bought a potion of heal wounds for 55 gold pieces
  5368 | D:6      | 5368 ||| SHOPLISTING scroll of enchant armour (82 gold,
                  | have 44).
  5368 | D:6      | 5368 ||| BUYING scroll of teleportation (33 gold).
  5368 | D:6      | Bought a scroll of teleportation for 33 gold pieces
  5420 | D:6      | 5420 ||| INVOKING Heroism.
  5424 | D:6      | 5424 ||| Stepping ~*~*~tactically~*~*~ (cloud).
  5428 | D:6      | 5428 ||| Stepping ~*~*~tactically~*~*~ (cloud).
  5532 | D:6      | 5532 ||| UPGRADING to +0 steam dragon scales.
  5542 | D:6      | 5542 ||| DROPPING +0 ring mail.
  5657 | D:7      | Reached skill level 10 in Ranged Weapons
  5703 | D:7      | 5703 ||| INVOKING Heroism.
  5710 | D:7      | Reached skill level 3 in Dodging
  6002 | D:7      | Found a hide-covered altar of Uskayaw.
  6002 | D:7      | Found a blossoming altar of Fedhas.
  6002 | D:7      | Found a stormy altar of Qazlal.
  6002 | D:7      | Found a basalt altar of Yredelemnul.
  6017 | D:7      | Found a shadowy altar of Dithmenos.
  6022 | D:7      | Found a hazy altar of Hepliaklqana.
  6123 | D:7      | Found a staircase to the Ecumenical Temple.
  6440 | D:7      | 6440 ||| UPGRADING to +1 helmet.
  6450 | D:7      | 6450 ||| DROPPING +0 helmet.
  6451 | D:7      | 6451 ||| UPGRADING to +0 pair of boots.
  6456 | D:7      | 6456 ||| DRINKING 2 inky potions.
  6509 | D:8      | 6509 ||| INVOKING Heroism.
  6587 | D:8      | 6587 ||| INVOKING Heroism.
  6617 | D:8      | 6617 ||| INVOKING Heroism.
  6631 | D:8      | Reached XP level 10. HP: 69/69 MP: 11/13
  6705 | D:8      | 6705 ||| INVOKING Heroism.
  6751 | D:8      | Reached skill level 11 in Ranged Weapons
  6788 | D:8      | 6788 ||| INVOKING Heroism.
  6956 | D:8      | 6956 ||| INVOKING Heroism.
  7356 | D:8      | 7356 ||| DROPPING +2 cloak.
  7357 | D:8      | 7357 ||| READING scroll labelled QARUZY SEVEF.
  7358 | D:8      | 7358 ||| READING 2 scrolls of identify.
  7358 | D:8      | 7358 ||| IDENTIFYING bubbling red potion
  7359 | D:8      | 7359 ||| DROPPING potion of degeneration.
  7558 | D:9      | 7558 ||| INVOKING Heroism.
  7587 | D:9      | 7587 ||| INVOKING Heroism.
  7591 | D:9      | HP: 10/70 [gnoll sergeant/+2 trident of freezing (13)]
  7592 | D:9      | 7592 ||| READING scroll of teleportation.
  7593 | D:9      | 7593 ||| DRINKING potion of heal wounds.
  7804 | D:9      | 7804 ||| Stepping ~*~*~tactically~*~*~ (outnumbered).
  7928 | D:9      | 7928 ||| Stepping ~*~*~tactically~*~*~ (outnumbered).
  7930 | D:9      | 7930 ||| Stepping ~*~*~tactically~*~*~ (outnumbered).
  8257 | D:9      | 8257 ||| UPGRADING to +2 robe of fire resistance.
  8306 | D:10     | Entered Level 10 of the Dungeon
  8357 | D:10     | Noticed a gargoyle
  8367 | D:10     | 8367 ||| INVOKING Heroism.
  8375 | D:10     | Killed a gargoyle
  8590 | D:10     | Reached skill level 12 in Ranged Weapons
  8738 | D:10     | 8738 ||| INVOKING Heroism.
  8767 | D:10     | HP: 17/70 [yak (4)]
  8768 | D:10     | 8768 ||| READING scroll of teleportation.
  8769 | D:10     | 8769 ||| INVOKING Heroism.
  8994 | D:10     | 8994 ||| INVOKING Heroism.
  9136 | D:10     | 9136 ||| Stepping ~*~*~tactically~*~*~ (outnumbered).
  9138 | D:10     | 9138 ||| Stepping ~*~*~tactically~*~*~ (outnumbered).
  9140 | D:10     | 9140 ||| Stepping ~*~*~tactically~*~*~ (outnumbered).
  9164 | D:10     | 9164 ||| INVOKING Heroism.
  9169 | D:10     | Reached XP level 11. HP: 41/74 MP: 11/14
  9184 | D:10     | HP: 17/74 [yak (8)]
  9187 | D:10     | HP: 8/74 [yak (8)]
  9190 | D:10     | Reached skill level 13 in Ranged Weapons
  9191 | D:10     | 9191 ||| INVOKING Heroism.
  9198 | D:10     | HP: 8/74 [gnoll sergeant/+0 spear (2)]
  9599 | D:10     | Found an ornate altar of the Wu Jian Council.
  9607 | D:10     | 9607 ||| UPGRADING to ring of see invisible.
  9609 | D:10     | 9609 ||| UPGRADING to ring of protection from cold.
  9654 | D:11     | 9654 ||| PLANNING GAUNTLET
  9710 | D:11     | 9710 ||| INVOKING Heroism.
  9729 | D:11     | 9729 ||| INVOKING Heroism.
  9733 | D:11     | HP: 18/75 [vampire mosquito (3)]
  9736 | D:11     | Reached skill level 9 in Fighting
  9942 | D:11     | 9942 ||| DRINKING 5 potions of curing.
  9942 | D:11     | 9942 ||| (to cure confusion)
  9973 | D:11     | Noticed a death yak
  9974 | D:11     | 9974 ||| INVOKING Heroism.
  9978 | D:11     | Noticed a death yak
  9981 | D:11     | Noticed a death yak
  9982 | D:11     | Noticed a death yak
  9982 | D:11     | Noticed a death yak
  9993 | D:11     | Killed a death yak
 10001 | D:11     | HP: 5/78 [death yak (15)]
 10001 | D:11     | Slain by a death yak

Levels and vault maps discovered:
D:1:      amcnicky_arrival_double_pillar, layout_rooms,
          hellmonk_ecumenical_altar_watching_god, hangedman_abyss_or_decor_stabs
D:2:      layout_basic
D:3:      layout_basic, ebering_ghost_rock_garden, minmay_statues_item,
          nicolae_half_adder
D:4:      layout_loops_ring, okawaru_trees_2, cheibrodos_sewer_entry_drain,
          minmay_hollow_rounded_squares, uniq_natasha
D:5:      layout_basic, serial_shops, nicolae_stop_n_shop_1,
          corexii_checkpoint_a, nicolae_shop_sticking_my_neck_out,
          uniq_eustachio, uniq_ijyb, uniq_duvessa, uniq_prince_ribbit1,
          uniq_menkaure
D:6:      layout_loops_ring, serial_shops, kennysheep_mini,
          nicolae_elemental_shop
D:7:      layout_loops_ring, minmay_overflow_temple_hex,
          minmay_temple_entry_statues_pillars, kennysheep_generic_room_4
D:8:      layout_basic
D:9:      layout_gridville, minivault_4, minmay_hedge_maze
D:10:     layout_long_grid, nicolae_wu_jian_glorious_leap
D:11:     layout_stronghold, dpeg_lair_monsters, gauntlet_entry_generic,
          tso_metal_star

Skill      XL: |  1  2  3  4  5  6  7  8  9 10 11 |
---------------+----------------------------------+-----
Ranged Weapons | 3 4 5 6 7 9 10 12 13 | 13.3
Fighting       | 2 3 4 5 7 8 9 |  9.0
Armour         | 2 3 4 |  4.1
Invocations    | 1 4 |  4.0
Dodging        | 2 3 4 |  4.2
Spellcasting   | |  1.0
Hexes          | |  2.6

Action                     |  1- 3 |  4- 6 |  7- 9 | 10-12 || total
---------------------------+-------+-------+-------+-------++-------
   Fire: Sling             |   129 |   181 |    78 |       ||   388
         Orcbow            |       |       |   311 |   464 ||   775
 Invoke: Heroism           |       |       |    14 |    14 ||    28
    Use: Scroll            |     1 |     8 |     4 |     4 ||    17
         Potion            |       |     7 |     1 |     2 ||    10
 Armour: Robe              |    38 |    21 |       |    87 ||   146
         Ring mail         |       |   129 |    84 |       ||   213
         Steam dragon scal |       |       |    65 |    93 ||   158
  Dodge: Dodged            |    82 |   110 |   163 |   366 ||   721
  Block: Other             |       |       |    63 |   115 ||   178
         Reflection        |       |       |     3 |     6 ||     9

Table legend:
 A = Non-vault XP
 B = Vault XP
 C = Vault XP percentage of total XP
 D = Non-vault monster count
 E = Vault monster count
 F = Vault count percentage of total count
                 A         B        C        D         E       F
            +---------+---------+-------+---------+---------+-------
      Total |    9474 |    2261 |  19.3 |     178 |      31 |  14.8
            +---------+---------+-------+---------+---------+-------
        D:1 |      48 |       0 |   0.0 |      26 |       0 |   0.0
        D:2 |      37 |       0 |   0.0 |      14 |       0 |   0.0
        D:3 |     102 |      40 |  28.2 |      12 |       3 |  20.0
        D:4 |     265 |     413 |  60.9 |       7 |      12 |  63.2
        D:5 |     583 |     854 |  59.4 |      20 |       8 |  28.6
        D:6 |     700 |       0 |   0.0 |      10 |       0 |   0.0
        D:7 |    1017 |       0 |   0.0 |      13 |       0 |   0.0
        D:8 |    1176 |       0 |   0.0 |      18 |       0 |   0.0
        D:9 |    1462 |       0 |   0.0 |      22 |       0 |   0.0
       D:10 |    2990 |       0 |   0.0 |      30 |       0 |   0.0
       D:11 |    1094 |     803 |  42.3 |       6 |       1 |  14.3
      Sewer |       0 |     151 | 100.0 |       0 |       7 | 100.0
            +---------+---------+-------+---------+---------+-------
